 Dungeon Sprint DCSS version 0.18-a0-1782-gb76a692 (webtiles) character file.

1722 Kidiri the Covert (level 8, 0/36 HPs)
             Began as a Spriggan Enchanter on Apr 17, 2016.
             Was a Follower of Dithmenos.
             Slain by a centaur warrior (15 damage)
             ... in the Dungeon (Sprint I: "Red Sonja").
             The game lasted 00:02:49 (267 turns).

Kidiri the Covert (Spriggan Enchanter)               Turns: 267, Time: 00:02:50

Health: 0/36       AC:  4    Str:  4    XL:     8   Next: 75%
Magic:  16/23      EV: 28    Int: 17    God:    Dithmenos [*.....]
Gold:   513        SH:  0    Dex: 18    Spells: 5 memorised, 15 levels left

rFire  . . .     SeeInvis +     l - +0 short sword (venom)
rCold  . . .     Gourm    .     e - +2 robe {rN+}
rNeg   + . .     Faith    .     (shield restricted)
rPois  .         Spirit   .     (helmet restricted)
rElec  .         Dismiss  .     (no cloak)
rCorr  .         Reflect  .     (gloves unavailable)
SustAt .         Harm     .     (boots unavailable)
MR     +....     NoTele   +     (no amulet)
Stlth  ++++++++..               (no ring)
                                (no ring)

@: wreathed by umbra, very quick, somewhat resistant to hostile enchantments,
extraordinarily stealthy
A: unfitting armour, see invisible, herbivore 3, speed 3, slow metabolism 2
a: Renounce Religion


You were in the Dungeon.
You worshipped Dithmenos.
Dithmenos was aware of your devotion.
You were not hungry.

You visited 1 branch You collected 513 gold pieces.

Inventory:

Hand Weapons
 l - a +0 short sword of venom (weapon)
Armour
 e - a +2 robe of positive energy (worn)
Scrolls
 a - a scroll of remove curse {unknown}
 j - a scroll of blinking
 k - a scroll of summoning {unknown}
Potions
 b - a potion of curing
 g - a potion of haste
 h - 2 potions of magic
 i - a potion of berserk rage
Books
 c - a book of Maledictions

   Spells                             Type                      Level
   a - Corona                         Hexes                        1
   b - Ensorcelled Hibernation        Hexes/Ice                    2
   c - Confuse                        Hexes                        3
   d - Tukima's Dance                 Hexes                        3
   e - Dazzling Spray                 Conjuration/Hexes            3
Comestibles
 d - a bread ration


   Skills:
 * Level 9.3 Short Blades
 * Level 12.0 Dodging
 * Level 13.2 Stealth
 * Level 10.3 Spellcasting
 + Level 3.7 Conjurations
 + Level 8.0 Hexes
 + Level 4.4 Ice Magic
 + Level 3.7 Invocations


You had 15 spell levels left.
You knew the following spells:

 Your Spells              Type           Power        Failure   Level  Hunger
a - Corona                Hex            #####..      1%          1    None
b - Ensorcelled Hibernat  Hex/Ice        ####..       1%          2    None
c - Confuse               Hex            #####...     1%          3    None
d - Tukima's Dance        Hex            #####...     1%          3    None
e - Dazzling Spray        Conj/Hex       ####....     1%          3    None


Dungeon Overview and Level Annotations

Branches:
Dungeon (1/1)

Altars:
Cheibriados
Dithmenos
Elyvilon
Fedhas
Gozag
Kikubaaqudgha
Makhleb
Nemelex Xobeh
Okawaru
Pakellas
Qazlal
Ru
Sif Muna
Trog
Vehumet
Xom
Yredelemnul
Zin
The Shining One
Jiyva

Shops:
D =%[


Innate Abilities, Weirdness & Mutations

You are tiny and cannot use many weapons and most armour.
You have supernaturally acute eyesight.
You are a herbivore.
You cover ground extremely quickly.
You need consume almost no food.


Message History

Aiming: Dazzling Spray
Press: ? - help, Shift-Dir - straight line, f/p - centaur warrior
Aim: a centaur warrior (purple smoke, umbra)
The spray of energy hits the centaur warrior.
The centaur warrior is lightly wounded.
The centaur warrior is dazzled.
The spray of energy hits the centaur warrior.
The centaur warrior is lightly wounded.
The centaur warrior is dazzled.
The centaur warrior completely misses you.
The centaur warrior hits you! The centaur warrior barely misses you.
Unknown command.
You hit the centaur warrior.
The centaur warrior is poisoned.
The centaur warrior is lightly wounded.
The centaur warrior closely misses you. The centaur warrior hits you!
* * * LOW HITPOINT WARNING * * *
Unknown command.
Drink which item? (? for menu, Esc to quit)
You feel much better. The centaur warrior hits you! x2
You die...

##################
<.#..'..#.['..#__#
..'..#.)'..#..'..+
..#####+#####'#__####
).####..#...#.####§§#
..#__####..##(#§§§§.#
..#_.___##+#..+§§§§§+
⌠⌠#_.∩...+..._#§cc§§#
###_..._##_.#+##@###
#_____###'#.#%(()###
###########.####'###(##
∩........+...'.....+.∩#
##++++####.).##########
##.## #+#


You could see 2 centaur warriors.

Vanquished Creatures
  Sonja (D)
  A deep troll (D)
  A slime creature (D)
  Sigmund (D)
  A yak (D)
  An ogre (D)
  A jelly (D)
  Ijyb (D)
8 creatures vanquished.

Notes
Turn   | Place    | Note
--------------------------------------------------------------
     0 | D        | Kidiri the Spriggan Enchanter began the quest for the Orb.
     0 | D        | Reached XP level 1. HP: 9/9 MP: 5/5
     2 | D        | Noticed Ijyb
    14 | D        | Killed Ijyb
    14 | D        | Reached skill level 6 in Stealth
    14 | D        | Reached XP level 2. HP: 13/13 MP: 5/8
    20 | D        | Learned a level 2 spell: Ensorcelled Hibernation
    46 | D        | Noticed an ogre
    48 | D        | Killed an ogre
    48 | D        | Reached skill level 7 in Stealth
    48 | D        | Reached skill level 5 in Spellcasting
    48 | D        | Reached skill level 5 in Hexes
    48 | D        | Reached skill level 1 in Ice Magic
    48 | D        | Reached XP level 3. HP: 16/16 MP: 9/11
    48 | D        | Reached XP level 4. HP: 21/21 MP: 9/12
    53 | D        | Learned a level 3 spell: Confuse
    57 | D        | Learned a level 3 spell: Tukima's Dance
    61 | D        | Learned a level 3 spell: Dazzling Spray
    75 | D        | Noticed Sigmund
    78 | D        | Killed Sigmund
    78 | D        | Reached skill level 9 in Stealth
    78 | D        | Reached skill level 1 in Conjurations
    78 | D        | Reached XP level 5. HP: 24/24 MP: 12/15
   110 | D        | Found a snail-covered altar of Cheibriados.
   110 | D        | Found a shadowy altar of Dithmenos.
   110 | D        | Noticed a slime creature
   111 | D        | Found a viscous altar of Jiyva.
   111 | D        | Found a blossoming altar of Fedhas.
   113 | D        | Killed a slime creature
   113 | D        | Reached skill level 10 in Stealth
   113 | D        | Reached XP level 6. HP: 28/28 MP: 16/18
   115 | D        | Became a worshipper of Dithmenos the Shadowed
   120 | D        | Found a deep blue altar of Sif Muna.
   129 | D        | Found a radiant altar of Vehumet.
   168 | D        | Found Epsios's Food Emporium.
   168 | D        | Found a white marble altar of Elyvilon.
   168 | D        | Found a stormy altar of Qazlal.
   168 | D        | Found a burning altar of Makhleb.
   168 | D        | Found a sacrificial altar of Ru.
   168 | D        | Found an oddly glowing altar of Pakellas.
   168 | D        | Found a basalt altar of Yredelemnul.
   168 | D        | Found a glowing golden altar of the Shining One.
   168 | D        | Found a sparkling altar of Nemelex Xobeh.
   168 | D        | Found a shimmering altar of Xom.
   168 | D        | Found an opulent altar of Gozag.
   168 | D        | Found an ancient bone altar of Kikubaaqudgha.
   168 | D        | Found a glowing silver altar of Zin.
   168 | D        | Noticed a yak
   169 | D        | Found an iron altar of Okawaru.
   170 | D        | Killed a yak
   170 | D        | Reached skill level 10 in Dodging
   170 | D        | Reached skill level 11 in Stealth
   170 | D        | Reached skill level 1 in Invocations
   170 | D        | Reached XP level 7. HP: 32/32 MP: 20/20
   171 | D        | Found a bloodstained altar of Trog.
   183 | D        | Noticed Sonja
   187 | D        | Killed Sonja
   187 | D        | Reached * piety under Dithmenos
   187 | D        | Reached skill level 12 in Stealth
   187 | D        | Reached XP level 8. HP: 36/36 MP: 20/22
   206 | D        | Found Giemec's Jewellery Boutique.
   231 | D        | Noticed a deep troll
   235 | D        | Killed a deep troll
   235 | D        | Reached skill level 13 in Stealth
   235 | D        | Reached skill level 10 in Spellcasting
   245 | D        | Found Acimimul's Armour Emporium.
   260 | D        | Noticed a centaur warrior
   261 | D        | Noticed a centaur warrior
   267 | D        | Slain by a centaur warrior

Vault maps used:
D:        dungeon_sprint_1

Skill      XL: |  1  2  3  4  5  6  7  8 |
---------------+-------------------------+-----
Short Blades   | 3 4 6 7 8 9 |  9.3
Dodging        | 4 6 8 9 10 11 12 | 12.0
Stealth        | 6 7 9 10 11 12 13 | 13.2
Spellcasting   | 4 5 7 8 9 10 | 10.3
Hexes          | 4 5 6 7 8 |  8.0
Ice Magic      | 1 2 3 4 |  4.4
Conjurations   | 1 2 3 |  3.7
Invocations    | 1 2 3 |  3.7

Action                   |  1- 3 |  4- 6 |  7- 9 || total
-------------------------+-------+-------+-------++-------
Melee: Dagger            |     6 |     4 |     1 ||    11
       Short sword       |       |       |     2 ||     2
 Cast: Corona            |     1 |       |       ||     1
       Ensorcelled Hiber |       |     1 |     1 ||     2
       Dazzling Spray    |       |       |     2 ||     2
  Use: Potion            |     1 |       |     1 ||     2
 Stab: Sleeping          |     2 |     4 |     2 ||     8
Armor: Robe              |     1 |       |       ||     1
Dodge: Dodged            |     2 |       |     6 ||     8
